 Dungeon Crawl Stone Soup version 0.21.0-3-g78d12a8 (webtiles) character file.

1338 manyhoops the Fighter (level 8, -23/63 HPs)
             Began as a Gnoll Wanderer on Jan 11, 2018.
             Was a Follower of Hepliaklqana.
             Killed from afar by an adder (31 damage)
             ... with an exploding inner flame
             ... hexed by the player character
             ... on level 5 of the Dungeon.
             The game lasted 00:06:26 (4064 turns).

manyhoops the Fighter (Gnoll Wanderer)              Turns: 4064, Time: 00:06:26

Health: -23/63     AC: -1    Str: 14    XL:     8   Next: 61%
Magic:  12/13      EV: 12    Int: 18    God:    Hepliaklqana [*.....]
Gold:   236        SH:  0    Dex: 14    Spells: 13/13 levels left

rFire    . . .     SeeInvis .   a - +2 spear
rCold    . . .     Gourm    .   (no shield)
rNeg     . . .     Faith    .   r - +3 ring mail
rPois    .         Spirit   .   s - +0 helmet
rElec    .         Reflect  .   (no cloak)
rCorr    .         Harm     .   (no gloves)
MR       .....                  (no boots)
Stlth    ++........             o - amulet of regeneration
HPRegen  0.60/turn              k - ring of wizardry
MPRegen  0.13/turn              (no ring)

@: corroded
A: distributed training, reduced essence, fangs 1, strong nose
a: Recall Ancestor, Ancestor Identity, Renounce Religion


You were on level 5 of the Dungeon.
You worshipped Hepliaklqana.
Hepliaklqana was aware of your devotion.
You were not hungry.

You visited 2 branches of the dungeon, and saw 6 of its levels.
You also visited: Ossuary.

You collected 236 gold pieces.

Inventory:

Hand Weapons
 a - a +2 spear (weapon)
Missiles
 g - 7 tomahawks of returning (quivered)
Armour
 r - a +3 ring mail (worn)
 s - a +0 helmet (worn)
Jewellery
 k - a ring of wizardry (left hand)
 o - an amulet of regeneration (around neck)
Scrolls
 h - a scroll of noise {unknown}
 i - a scroll of enchant armour {unknown}
 l - a scroll of immolation
 m - 2 scrolls of remove curse
 q - a scroll of blinking {unknown}
 t - 2 scrolls of amnesia
 u - 4 scrolls of teleportation
 v - a scroll of magic mapping {unknown}
 x - 2 scrolls of fear
Potions
 b - 4 potions of curing
 c - a potion of invisibility
 e - a potion of mutation
 f - a potion of flight
 j - 2 potions of might
 n - 2 potions of heal wounds
 p - a potion of resistance {unknown}
 w - a potion of brilliance
 z - a potion of magic {unknown}
 A - a potion of ambrosia {unknown}
 B - a potion of lignification
Comestibles
 d - 5 rations


   Skills:
 + Level 9.2 Fighting
 + Level 3.3 Short Blades
 + Level 3.3 Long Blades
 + Level 3.3 Axes
 + Level 3.3 Maces & Flails
 + Level 5.7 Polearms
 + Level 3.3 Staves
 + Level 3.3 Slings
 + Level 3.3 Bows
 + Level 3.3 Crossbows
 + Level 3.3 Throwing
 + Level 5.7 Armour
 + Level 3.3 Dodging
 + Level 4.1 Stealth
 + Level 4.3 Shields
 + Level 3.3 Unarmed Combat
 + Level 3.3 Spellcasting
 + Level 2.7 Conjurations
 + Level 2.7 Hexes
 + Level 2.7 Charms
 + Level 2.7 Summonings
 + Level 2.7 Necromancy
 + Level 2.7 Translocations
 + Level 2.7 Transmutations
 + Level 2.7 Fire Magic
 + Level 2.7 Ice Magic
 + Level 2.7 Air Magic
 + Level 2.7 Earth Magic
 + Level 2.7 Poison Magic
 + Level 3.7 Invocations
 + Level 3.3 Evocations


You had 13 spell levels left.
You didn't know any spells.

Dungeon Overview and Level Annotations

Branches:
Dungeon (5/15)             Temple (1/1) D:4

Altars:
Ashenzari
Cheibriados
Dithmenos
Elyvilon
Fedhas
Gozag
Hepliaklqana
Kikubaaqudgha
Makhleb
Nemelex Xobeh
Okawaru
Qazlal
Ru
Sif Muna
Trog
Uskayaw
Vehumet
Xom
Yredelemnul
Zin
The Shining One


Innate Abilities, Weirdness & Mutations

Your experience applies equally to all skills.
You have very sharp teeth.
Your uncanny sense of smell can sniff out nearby items.
Your life essence is reduced to manifest your ancestor. (-10% HP)


Message History

You could not reach far enough!
The crimson imp blinks!
The ice beast hits Aula.
The ice beast freezes Aula.
Aula resists.
Aula hits the ice beast.
A gnoll comes into view. It is wielding a halberd.
As you read the scroll of immolation, it crumbles to dust.
The creatures around you are filled with an inner flame!
The adder bites you.
The ice beast hits Aula.
The ice beast freezes Aula!
Aula resists.
Aula the ancestor explodes!
The fiery explosion engulfs the ice beast.
The ice beast melts!
The ice beast explodes!
The fiery explosion engulfs you!
Ouch! That really hurt!
* * * LOW HITPOINT WARNING * * *
The fiery explosion engulfs the adder.
The adder explodes!
The fiery explosion engulfs you!
You die...

#.......# #.#..<.[.......
#......)# #.#......######
#..)....# #.#......#
#....g..# #.##.>#..######
#.....†.# #.##..).)......
#.......######.#...#####'###
#.......§.##...#R#..##.^†^.#
#.).....#§##.##..##..##^..##
..........5..§§§@..#.##
...##.##
......##..%####§#.....#
....### ....5. ##..#
#§..#..........# ..... #..#
##....####...... ....# ...#
......# ...# .##.. ..###..
### .. ..# #..# #.. .# ##


You could see a gnoll (inner flame) and a crimson imp (inner flame).

Vanquished Creatures
  An ice beast (D:5)
  An ogre (D:4)
  2 elf zombies (Ossuary)
  A scorpion (D:4)
  A crimson imp (D:5)
  A centaur zombie (Ossuary)
  2 hounds (D:4)
  A human zombie (Ossuary)
  An orc priest (D:3)
  A bullfrog skeleton (D:4)
  3 worker ants (D:4)
  2 big kobold zombies (Ossuary)
  A hound zombie (Ossuary)
  3 mummies
  Robin (D:3)
  A howler monkey skeleton (D:4)
  5 adders
  A gnoll (D:5)
  An ooze (D:1)
  3 adder zombies (Ossuary)
  3 worms
  5 dart slugs
  3 leopard geckos
  7 orcs
  4 giant cockroaches
  A gnoll zombie (Ossuary)
  15 goblins
  7 hobgoblins
  2 quokkas (D:3)
  3 ball pythons
  6 bats
  5 frilled lizards
  2 goblin zombies (Ossuary)
  2 hobgoblin zombies (Ossuary)
  3 jackal zombies (Ossuary)
  8 kobolds
  A kobold zombie (Ossuary)
  2 orc zombies (Ossuary)
  2 quokka zombies (Ossuary)
  11 rats
  3 rat zombies (Ossuary)
128 creatures vanquished.

Vanquished Creatures (collateral kills)
  Edmund (D:5)
  Duvessa (D:5)
  Dowan (D:5)
  A human zombie (Ossuary)
  A jelly (D:5)
  An iguana (D:5)
  A big kobold zombie (Ossuary)
  A mummy (Ossuary)
  An orc (D:5)
  A jackal (D:5)
  2 goblin zombies (Ossuary)
  A hobgoblin zombie (Ossuary)
  3 kobold zombies (Ossuary)
  A quokka zombie (Ossuary)
  2 rat zombies (Ossuary)
19 creatures vanquished.

Grand Total: 147 creatures vanquished

Notes
Turn   | Place    | Note
-------+----------+-------------------------------------------
     0 | D:1      | manyhoops the Gnoll Wanderer began the quest for the Orb.
     0 | D:1      | manyhoops set off with: a +2 spear, a potion of curing, a +0 ring mail, a ration
     0 | D:1      | Reached XP level 1. HP: 26/26 MP: 1/1
    31 | D:1      | Reached XP level 2. HP: 29/33 MP: 2/2
   376 | D:1      | Reached XP level 3. HP: 38/38 MP: 3/3
   669 | D:2      | Reached skill level 1 in Invocations
   922 | D:2      | Reached skill level 1 in Short Blades
   922 | D:2      | Reached skill level 1 in Long Blades
   922 | D:2      | Reached skill level 1 in Axes
   922 | D:2      | Reached skill level 1 in Maces & Flails
   922 | D:2      | Reached skill level 1 in Staves
   922 | D:2      | Reached skill level 1 in Slings
   922 | D:2      | Reached skill level 1 in Bows
   922 | D:2      | Reached skill level 1 in Crossbows
   922 | D:2      | Reached skill level 1 in Throwing
   922 | D:2      | Reached skill level 1 in Dodging
   922 | D:2      | Reached skill level 1 in Unarmed Combat
   922 | D:2      | Reached skill level 1 in Spellcasting
   922 | D:2      | Reached skill level 1 in Evocations
   922 | D:2      | Reached XP level 4. HP: 45/45 MP: 5/5
  1483 | D:3      | Noticed Robin
  1506 | D:3      | Reached skill level 1 in Conjurations
  1506 | D:3      | Reached skill level 1 in Hexes
  1506 | D:3      | Reached skill level 1 in Charms
  1506 | D:3      | Reached skill level 1 in Summonings
  1506 | D:3      | Reached skill level 1 in Necromancy
  1506 | D:3      | Reached skill level 1 in Translocations
  1506 | D:3      | Reached skill level 1 in Transmutations
  1506 | D:3      | Reached skill level 1 in Fire Magic
  1506 | D:3      | Reached skill level 1 in Ice Magic
  1506 | D:3      | Reached skill level 1 in Air Magic
  1506 | D:3      | Reached skill level 1 in Earth Magic
  1506 | D:3      | Reached skill level 1 in Poison Magic
  1523 | D:3      | Killed Robin
  1523 | D:3      | Reached XP level 5. HP: 40/51 MP: 6/6
  2186 | D:4      | Reached XP level 6. HP: 46/57 MP: 8/8
  2229 | D:4      | Found a sparkling altar of Nemelex Xobeh.
  2320 | D:4      | Reached skill level 5 in Polearms
  2320 | D:4      | Reached skill level 5 in Armour
  2359 | D:4      | Found a staircase to the Ecumenical Temple.
  2409 | Temple   | Entered the Ecumenical Temple
  2510 | Temple   | Became a worshipper of Hepliaklqana the Forgotten
  2734 | D:4      | Reached XP level 7. HP: 34/56 MP: 10/10
  3448 | D:5      | Entered Level 5 of the Dungeon
  3448 | D:5      | Noticed Edmund
  3472 | D:5      | Killed Edmund
  3480 | D:5      | Found a sand-covered staircase.
  3495 | Ossuary  | Entered an ossuary
  3495 | Ossuary  | Reached * piety under Hepliaklqana
  3575 | Ossuary  | Reached skill level 9 in Fighting
  3657 | Ossuary  | Reached XP level 8. HP: 63/63 MP: 12/12
  3972 | D:5      | Noticed Duvessa
  3977 | D:5      | Noticed Dowan
  3988 | D:5      | Killed Duvessa
  3995 | D:5      | Killed Dowan
  4064 | D:5      | Killed from afar by an adder

Skill      XL: |  1  2  3  4  5  6  7  8 |
---------------+-------------------------+-----
Invocations    | 1 2 3 |  3.7
Short Blades   | 1 2 3 |  3.3
Long Blades    | 1 2 3 |  3.3
Axes           | 1 2 3 |  3.3
Maces & Flails | 1 2 3 |  3.3
Staves         | 1 2 3 |  3.3
Slings         | 1 2 3 |  3.3
Bows           | 1 2 3 |  3.3
Crossbows      | 1 2 3 |  3.3
Throwing       | 1 2 3 |  3.3
Dodging        | 1 2 3 |  3.3
Unarmed Combat | 1 2 3 |  3.3
Spellcasting   | 1 2 3 |  3.3
Evocations     | 1 2 3 |  3.3
Conjurations   | 1 2 |  2.7
Hexes          | 1 2 |  2.7
Charms         | 1 2 |  2.7
Summonings     | 1 2 |  2.7
Necromancy     | 1 2 |  2.7
Translocations | 1 2 |  2.7
Transmutations | 1 2 |  2.7
Fire Magic     | 1 2 |  2.7
Ice Magic      | 1 2 |  2.7
Air Magic      | 1 2 |  2.7
Earth Magic    | 1 2 |  2.7
Poison Magic   | 1 2 |  2.7
Shields        | 3 4 |  4.3
Stealth        | 3 4 |  4.1
Polearms       | 5 |  5.7
Armour         | 5 |  5.7
Fighting       | 9 |  9.2

Action                   |  1- 3 |  4- 6 |  7- 9 || total
-------------------------+-------+-------+-------++-------
Melee: Spear             |    85 |   224 |   297 ||   606
       Bite              |     4 |    13 |    43 ||    60
       Punch             |     1 |       |     5 ||     6
  Use: Potion            |       |     4 |     1 ||     5
       Scroll            |       |     7 |     3 ||    10
 Stab: Sleeping          |     4 |     2 |     7 ||    13
       Distracted        |     1 |       |     2 ||     3
  Eat: Chunk             |       |     6 |     1 ||     7
       Ration            |       |       |     1 ||     1
Armor: Ring mail         |    36 |    99 |    95 ||   230
Dodge: Dodged            |    26 |   105 |   112 ||   243
